 Dungeon Crawl Stone Soup version 0.30.0-17-ge0270778cf (webtiles) character file.

Game seed: 13966200148823002381

77 cheesebisquit the Grave Robber (level 4, 0/33 HPs)
             Began as a Ghoul Necromancer on May 21, 2023.
             Slain by a scorpion (6 damage)
             ... on level 3 of the Dungeon.
             The game lasted 00:10:13 (3802 turns).

cheesebisquit the Grave Robber (Ghoul Necromancer)  Turns: 3802, Time: 00:10:13

Health: 0/33       AC:  2    Str: 11    XL:     4   Next: 34%
Magic:  1/7        EV: 12    Int: 12    God:
Gold:   174        SH:  0    Dex:  9    Spells: 0/8 levels left

rFire   . . .        (no weapon)
rCold   + . .        (no shield)
rNeg    + + +        a - +0 robe
rPois   ∞            (no helmet)
rElec   .            (no cloak)
rCorr   .            (no gloves)
SInv    .            (no boots)
Will    .....        (no amulet)
Stlth   ++           (no ring)
HPRegen 0.00/turn    (no ring)
MPRegen 0.10/turn

%: no passive effects
@: about to teleport, inhibited regen
A: claws 1, cold resistance 1, negative energy resistance 3, inhibited
regeneration, torment resistance 2, devour on kill
a: no special abilities


You were on level 3 of the Dungeon.
You visited 1 branch of the dungeon, and saw 3 of its levels.

You collected 174 gold pieces.

Inventory:

Missiles
 h - 2 poisoned darts
Armour
 a - a +0 robe (worn)
Scrolls
 b - a scroll of butterflies {unknown}
 c - a scroll of teleportation
 d - 3 scrolls of poison
 f - a scroll of blinking {unknown}
 g - a scroll of torment {unknown}
 j - a scroll of noise {unknown}
 k - a scroll of fear {unknown}
 l - a scroll of enchant armour {unknown}
Potions
 e - a potion of flight
 i - a potion of cancellation {unknown}


   Skills:
 - Level 1.7 Dodging
 - Level 2.1 Stealth
 + Level 2.9 Spellcasting
 + Level 4.9 Necromancy


You couldn't memorise any spells.
You knew the following spells:

 Your Spells              Type           Power      Damage    Failure   Level
a - Necrotise             Necr           52%        1d6       3%          1
b - Vampiric Draining     Necr           13%        2d6       10%         3
c - Animate Dead          Necr           13%        N/A       32%         4

Your spell library contained the following spells:

 Spells                   Type           Power      Damage    Failure   Level
 Shock                    Conj/Air       4%         1d3       26%         1
 Swiftness                Air            1%         N/A       58%         3
 Agony                    Necr           13%        N/A       65%         5
 Airstrike                Air            0%         2d(1-17)  94%         4


Dungeon Overview and Level Annotations

Branches:
Dungeon (3/15)

Altars:


Innate Abilities, Weirdness & Mutations

You are immune to poison.
You have sharp fingernails.
Your flesh is cold resistant. (rC+)
You are immune to negative energy. (rN+++)
You do not regenerate when monsters are visible.
You are immune to unholy pain and torment.
You thrive by killing the living.


Message History

The scorpion stings you.
Your goblin skeleton misses the scorpion.
You completely miss the scorpion.
The scorpion is heavily wounded.
The scorpion stings you but does no damage.
Your goblin skeleton closely misses the scorpion.
The scorpion barely misses you.
You miscast Necrotise.
Nothing appears to happen.
The scorpion stings you.
Your goblin skeleton hits the scorpion but does no damage.
You scratch the scorpion.
The scorpion is severely wounded.
The scorpion stings you.
Your goblin skeleton hits the scorpion but does no damage.
You closely miss the scorpion.
The scorpion is severely wounded.
The scorpion stings you.
You scratch the scorpion.
The scorpion is severely wounded.
The scorpion stings you!
Your goblin skeleton hits the scorpion but does no damage.
You scratch the scorpion but do no damage.
Your claw misses the scorpion.
The scorpion is severely wounded.
The scorpion stings you!
* * * LOW HITPOINT WARNING * * *
Your goblin skeleton hits the scorpion but does no damage.
The scorpion stings you but does no damage.
Okay, then.
Okay, then.
The scorpion attacks as you move away! The scorpion closely misses you.
The scorpion attacks as you move away! The scorpion misses you.
The scorpion barely misses you.
Your magical contamination has completely faded away.
The scorpion attacks as you move away! The scorpion stings you.
* * * LOW HITPOINT WARNING * * *
The orc shouts!
You hear a shout!
As you read the scroll labelled DAUJOEBRYDD, it crumbles to dust.
You feel strangely unstable.
It was a scroll of teleportation.
The scorpion stings you.
You die...

..# #. #...P~≈# ...# #.
#....≈≈# #..##.#
#....~≈# . #).#.#
#....~≈#### #...#
#....~≈≈≈≈≈ #..#
#....~≈~≈~~
#.#####..#####.....P....
#.##.........Z.s@.......
#.##.......#############
#.##.......#
'...####'###
#.#.####.######
#.#...........######
#.######.####.##...#
############
.........#..#.##...#
#...........
##....####..#.##...#
#...........


You could see a scorpion (ally target) and a friendly goblin skeleton.

Vanquished Creatures
  An adder (D:2)
  2 worms
  A dart slug (D:1)
  5 orcs
  5 ball pythons
  7 endoplasms
  3 giant cockroaches
  3 goblins
  2 hobgoblins (D:1)
  2 jackals (D:1)
  4 quokkas
  4 bats (D:1)
  3 frilled lizards
  7 kobolds
  2 rats
51 creatures vanquished.

Notes
Turn   | Place    | Note
-------+----------+-------------------------------------------
     0 | D:1      | cheesebisquit the Ghoul Necromancer began the quest for the
                  | Orb.
     0 | D:1      | Reached XP level 1. HP: 14/14 MP: 2/2
   183 | D:1      | Reached XP level 2. HP: 20/20 MP: 0/4
   547 | D:1      | Found a faded altar of an unknown god.
   718 | D:1      | Reached XP level 3. HP: 26/26 MP: 3/5
  1274 | D:1      | Learned a level 3 spell: Vampiric Draining
  2507 | D:3      | Reached XP level 4. HP: 33/33 MP: 0/7
  3346 | D:3      | Learned a level 4 spell: Animate Dead
  3652 | D:3      | Noticed a scorpion
  3731 | D:3      | Noticed a +0 short sword
  3732 | D:3      | Noticed a +0 spear
  3732 | D:3      | Noticed a +0 dagger
  3733 | D:3      | Noticed a +0 falchion
  3733 | D:3      | Noticed a +0 falchion
  3733 | D:3      | Noticed a +0 short sword
  3733 | D:3      | Noticed a +0 spear
  3736 | D:3      | Noticed a +0 dagger
  3802 | D:3      | Slain by a scorpion

Illustrated notes

Levels and vault maps discovered:
D:1:      dpeg_arrival_refuge, layout_loops_ring,
          shapermc_ecumenical_altar_venn, minmay_misc_feat_iff
D:2:      layout_basic
D:3:      lemuel_castle_with_subvaults [lemuel_castle_interior_original],
          layout_basic, nicolae_uskayaw_en_pointe, serial_shops, shop,
          chequers_serial_rivers_room_a

Skill      XL: |  1 |
---------------+----+-----
Spellcasting   | 2 |  2.9
Dodging        | |  1.7
Stealth        | |  2.1
Necromancy     | |  4.9

Action                     |  1- 3 |  4- 6 || total
---------------------------+-------+-------++-------
  Melee: Unarmed           |    24 |    18 ||    42
   Cast: Necrotise         |    82 |    31 ||   113
    Use: Potion            |     1 |       ||     1
         Scroll            |     3 |     1 ||     4
 Armour: Robe              |     3 |     3 ||     6
  Dodge: Dodged            |    19 |    10 ||    29
